 Dungeon Crawl Stone Soup version 0.22-a0-398-g8bb545f (console) character file.

2024619 hexaflexagon the Englaciator (level 27, 165/165 HPs)
             Began as a Deep Elf Ice Elementalist on Dec 29, 2017.
             Was the Champion of Dithmenos.
             Escaped with the Orb
             ... and 4 runes on May 4, 2018!
             The game lasted 07:35:05 (94847 turns).

hexaflexagon the Englaciator (DEIE)                Turns: 94847, Time: 07:35:06

Health: 165/165    AC: 20    Str: 10    XL:     27
Magic:  58/58      EV: 30    Int: 56    God:    Dithmenos [******]
Gold:   6519       SH: 11    Dex: 17    Spells: 7/67 levels left

rFire    + . .     SeeInvis .   a - staff of cold
rCold    + . .     Gourm    .   y - +3 buckler {rF+}
rNeg     . . .     Faith    .   g - +6 leather armour of the Eternal Fruit {Str+2 Int+2}
rPois    +         Spirit   .   (no helmet)
rElec    +         Reflect  .   T - +1 cloak of Starlight {rElec rC+ EV+4 Stlth--}
rCorr    .         Harm     .   S - +2 pair of gloves {Str+3}
MR       ++...                  U - +0 pair of boots of a Million Lies {+Inv rElec rF- Int+9}
Stlth    +++.......             Y - amulet of Leass {RegenMP Int+6}
HPRegen  0.37/turn              N - ring of the Final Decision {rPois Str-2 Int+6}
MPRegen  0.61/turn              M - ring of Xefof {rElec rF+ rC- MP+9 Str+3}

@: wreathed by umbra, deflect missiles
A: iridescent scales 1, thin skeletal structure 1, blink, poison resistance,
screaming 2, weak 1
0: Orb of Zot
}: 4/15 runes: serpentine, barnacled, slimy, silver
a: Blink, Shadow Step, Shadow Form, Renounce Religion, Evoke Invisibility


You escaped.
You worshipped Dithmenos.
Dithmenos was exalted by your worship.
You were not hungry.

You visited 12 branches of the dungeon, and saw 58 of its levels.
You visited the Abyss 1 time.
You also visited: Labyrinth and Wizlab.

You collected 9843 gold pieces.
You spent 3324 gold pieces at shops.

Inventory:

Hand Weapons
 b - the +12 war axe "Quschikhlu" {chop, MR+ Int+5}
   (You found it on level 1 of the Shoals)

   It inflicts extra damage upon your enemies.
   It affects your intelligence (+5).
   It affects your resistance to hostile enchantments.
Armour
 g - the +6 leather armour of the Eternal Fruit (worn) {Str+2 Int+2}
   (You found it on level 3 of the Crypt)

   It affects your strength (+2).
   It affects your intelligence (+2).
 k - a scarf of cloud immunity
 p - the +0 Maxwell's etheric cage {RegenMP+ *Contam rElec MP+4}
   (You bought it in a shop on level 5 of the Depths)

   It insulates you from electricity.
   It affects your magic capacity (+4).
   It causes magical contamination when unequipped.
 y - a +3 buckler of fire resistance (worn)
 Q - the +6 faerie dragon scales {rCorr Str+6}
   (You took it off the Enchantress on level 3 of the Depths)

   It affects your strength (+6).
   It protects you from acid and corrosion.
 S - a +2 pair of gloves of strength (worn)
 T - the +1 cloak of Starlight (worn) {rElec rC+ EV+4 Stlth--}
   (You bought it in a shop on level 3 of the Elven Halls)

   It affects your evasion (+4).
   It protects you from cold.
   It insulates you from electricity.
   It makes you much less stealthy.
 U - the +0 pair of boots of a Million Lies (worn) {+Inv rElec rF- Int+9}
   (You bought it in a shop on level 3 of the Elven Halls)

   It affects your intelligence (+9).
   It makes you vulnerable to fire.
   It insulates you from electricity.
   It lets you turn invisible.
Magical Staves
 a - an uncursed staff of cold (weapon)
 w - an uncursed staff of power
Jewellery
 h - an uncursed ring of see invisible
 m - an uncursed ring of stealth
 B - an uncursed ring of stealth
 I - an uncursed ring of ice
 K - a +1 ring of evasion
 M - the ring of Xefof (right hand) {rElec rF+ rC- MP+9 Str+3}
   (You bought it in a shop on level 5 of the Depths)

   [ring of strength]

   It affects your strength (+3).
   It protects you from fire.
   It makes you vulnerable to cold.
   It insulates you from electricity.
   It affects your magic capacity (+9).
 N - the ring of the Final Decision (left hand) {rPois Str-2 Int+6}
   (You took it off a deep elf demonologist on level 5 of the Vaults)

   [ring of poison resistance]

   It affects your strength (-2).
   It affects your intelligence (+6).
   It protects you from poison.
 Y - the amulet of Leass (around neck) {RegenMP Int+6}
   (You took it off a vampire mage on level 3 of the Elven Halls)

   [amulet of magic regeneration]

   It increases your magic regeneration.
   It affects your intelligence (+6).
Wands
 o - a wand of scattershot (3)
 r - a wand of clouds (3)
 v - a wand of enslavement (11)
 z - a wand of disintegration (35)
 A - a wand of digging (49)
 E - a wand of iceblast (20)
 F - a wand of paralysis (103)
 O - a wand of acid (27)
Scrolls
 e - 3 scrolls of summoning
 f - 22 scrolls of remove curse
 i - 2 scrolls of enchant armour
 l - 6 scrolls of magic mapping
 n - a scroll of silence
 q - 10 scrolls of fear
 s - 22 scrolls of teleportation
 C - 9 scrolls of fog
 G - 26 scrolls of identify
 P - 2 scrolls of holy word
 V - 4 scrolls of blinking
 W - 5 scrolls of amnesia
Potions
 c - a potion of mutation
 j - 3 potions of flight
 t - 7 potions of brilliance
 u - 12 potions of might
 x - 5 potions of agility
 D - 4 potions of magic
 H - 10 potions of heal wounds
 J - 2 potions of cancellation
 L - 6 potions of resistance
 R - 2 potions of haste
 X - 26 potions of curing
 Z - 2 potions of ambrosia
Comestibles
 d - 64 rations


   Skills:
 - Level 15.0 Fighting
 - Level 12.0 Armour
 - Level 18.7 Dodging
 - Level 14.0 Stealth
 - Level 15.0 Shields
 + Level 20.6 Spellcasting
 - Level 22.0 Conjurations
 - Level 6.0 Charms
 - Level 8.0 Summonings
 - Level 5.0 Necromancy
 - Level 4.0 Translocations
 O Level 27 Ice Magic
 - Level 9.0 Air Magic
 - Level 10.0 Earth Magic
 - Level 11.0 Invocations
 - Level 5.0 Evocations


You had 7 spell levels left.
You knew the following spells:

 Your Spells              Type           Power        Failure   Level  Hunger
b - Blink                 Tloc           N/A          1%          2    None
g - Shroud of Golubria    Chrm/Tloc      #######...   1%          2    None
i - Throw Icicle          Conj/Ice       ########     0%          4    None
l - Summon Lightning Spi  Summ/Air       ########     1%          4    None
o - Ozocubu's Armour      Chrm/Ice       ########     0%          3    None
r - Regeneration          Chrm/Necr      #######...   1%          3    None
u - Summon Butterflies    Summ           #######.     0%          1    None
C - Bolt of Cold          Conj/Ice       #########.   0%          6    None
F - Freezing Cloud        Conj/Ice/Air   #########.   0%          6    None
G - Glaciate              Conj/Ice       #########.   1%          9    None
I - Iron Shot             Conj/Erth      ########..   1%          6    None
L - Lehudib's Crystal Sp  Conj/Erth      ########..   2%          8    None
M - Deflect Missiles      Chrm/Air       #######...   1%          6    None


Dungeon Overview and Level Annotations

Branches:
Dungeon (15/15)            Temple (0/1) D:6            Lair (6/6) D:8
 Shoals (4/4) Lair:4        Snake (4/4) Lair:3        Slime (5/5) Lair:6
    Orc (2/2) D:12            Elf (3/3) Orc:2        Vaults (5/5) D:14
  Crypt (3/3) Vaults:2       Tomb (0/3) Crypt:3      Depths (5/5) D:15
   Hell (1/1)                 Zot (5/5) Depths:5
    Dis: Hell:1         Geh: Hell:1         Coc: Hell:1         Tar: Hell:1

Altars:
Cheibriados
Dithmenos
Elyvilon
Kikubaaqudgha
Okawaru
Qazlal
Ru
Sif Muna
Trog
Xom
The Shining One
Beogh
Jiyva

Shops:
D:6 (   D:10 (   D:11 %   D:15 ===([   Orc:2 ([!(!   Elf:1 :=}=!!}   Elf:3 [!([
Vaults:4 (   Vaults:5 %}   Depths:5 :[=

Portals:
Hell: Depths:1 Depths:2 Depths:3 Depths:4 Depths:5
Abyss: Depths:3 Depths:4
Pandemonium: Depths:3
Ziggurat: Depths:4

Annotations:
D:3 wazuzu's ghost, amateur MfGl
Snake:3 exclusion: downstairs
Depths:4 Jory


Innate Abilities, Weirdness & Mutations

You are partially covered in iridescent scales. (AC +2)
You have a somewhat thin skeletal structure. (Dex +2, Stealth)
You can translocate small distances at will.
Your system is resistant to poisons. (rPois)
You sometimes yell uncontrollably at your foes.
You are weak. (Str -2)


Message History

(D) Dungeon (T) Temple (L) Lair (A) Shoals (P) Snake Pit (M) Slime Pits (O) Orcish Mines (E) Elven Halls (V) Vaults (C) Crypt (W) Tomb (U) Depths (H) Hell (Z) Zot
Where to? (Enter - D:1 @ (x,y), ? - help)
Okay, then.
You climb upwards.
There is a stone staircase leading down here.
(D) Dungeon (T) Temple (L) Lair (A) Shoals (P) Snake Pit (M) Slime Pits (O) Orcish Mines (E) Elven Halls (V) Vaults (C) Crypt (W) Tomb (U) Depths (H) Hell (Z) Zot
Where to? (Enter - D:1 @ (x,y), ? - help)
There is a stone staircase leading up here.
You climb upwards.
There is a stone staircase leading down here.
You see here a club.
Magic restored.
There is a staircase leading out of the dungeon here.
You have escaped!

.....#.###........# #.# #.#
..)...............# #.# #.#
#..#######........# #.# #.#
#......# #........#####.######.#
..####.###............#........#
..............#.#.#.#.########.#
######.###.#.#.#.#.#..# #.#
.......# #.#..#.#.#.### #.#
##########.#.#.#@#.#.# #.#
..............#.#.#.## #.#
##########.#.#.#.#.#.# #.#
#.#..#.#.#.## ###
#...#.#.#.#.############
##..###.................
#...##..#########.##.##
##......####### #.##.#
#..###.......###.##.#


There were no monsters in sight!

Vanquished Creatures
  the Royal Jelly (Slime:5)
  Mennas (Crypt:3)
  6 orbs of fire
  5 ancient liches
  2 juggernauts (Depths:3)
  Frederick (Vaults:2)
  2 Killer Klowns (Zot:5)
  A curse toe (Zot:5)
  A caustic shrike (Depths:4)
  Geryon (Hell)
  19 golden dragons
  2 bone dragons
  A Hellbinder (WizLab)
  the Enchantress (Depths:3)
  A Tzitzimitl (D:14)
  7 electric golems
  A Brimstone Fiend (Zot:5)
  17 tentacled monstrosities
  3 pandemonium lords
  4 liches
  28 Orb Guardians
  A deep elf master archer (Elf:3)
  16 titans
  19 acid blobs
  2 deep elf blademasters
  3 ancient champions
  A kraken (Shoals:1)
  5 quicksilver dragons
  8 sphinxes
  9 shadow dragons
  13 death cobs
  20 storm dragons
  10 tengu reavers
  2 Executioners
  Ilsuiw (Shoals:4)
  2 draconian monks
  2 revenants
  9 nagarajas
  The ghost of 4thArraOfDagon the Grappler, a journeyman TrFE of Vehumet (Elf:1)
  5 azure jellies
  8 fire giants
  Donald (Vaults:2)
  6 draconian knights
  An orc warlord (Orc:1)
  15 vault wardens
  An iron dragon (Depths:4)
  6 deep elf sorcerers
  4 balrugs
  2 ghost moths
  4 draconian scorchers
  The ghost of wazuzu the Fighter, a journeyman OgTm of Hepliaklqana (Lair:6)
  12 frost giants
  4 draconian shifters
  3 draconian stormcallers
  3 curse skulls
  3 cacodemons
  2 deep elf elementalists
  An angel (Zot:5)
  9 ghouls
  3 war gargoyles
  18 ironheart preservers
  3 draconian annihilators
  20 stone giants
  12 very ugly things
  11 green draconians
  3 spriggan defenders (Depths:3)
  2 vampire knights
  An entropy weaver (Vaults:2)
  8 deep elf demonologists
  5 purple draconians
  9 black draconians
  A black sun (WizLab)
  9 deep elf annihilators
  12 red draconians
  3 white draconians
  5 spark wasps
  17 ettins
  4 merfolk javelineers
  8 yellow draconians
  A mummy priest (Elf:3)
  A minotaur (Lab)
  4 fire dragons
  3 death oozes (Slime:5)
  15 merfolk impalers
  27 yaktaur captains
  11 deep elf death magi
  A quicksilver dragon zombie (Crypt:1)
  The ghost of zero the Unseen, a journeyman SpEn of Vehumet (Lair:5)
  3 deep elf high priests
  2 quicksilver dragon skeletons (Crypt:3)
  9 great orbs of eyes
  5 hydras
  A monstrous demonspawn (D:3)
  7 rakshasas
  A hydra (shapeshifter) (Vaults:1)
  A hell beast (WizLab)
  5 spriggan air magi
  3 alligator snapping turtles (Shoals:4)
  40 vault guards
  7 ice dragons
  11 naga warriors
  5 death knights
  2 catoblepae
  5 merfolk aquamancers
  14 centaur warriors
  A two-headed ogre (shapeshifter) (Vaults:5)
  46 two-headed ogres
  A merfolk avatar (Shoals:3)
  2 anacondas
  2 deep troll shamans
  14 ogre magi
  4 satyrs
  26 dancing weapons
  8 deep troll earth magi
  2 death yaks (Lair:6)
  4 tengu warriors
  4 vampire magi
  Sonja (D:14)
  A satyr (shapeshifter) (Vaults:5)
  2 soul eaters
  5 shock serpents
  2 spriggan berserkers (Depths:3)
  16 naga sharpshooters
  3 orc high priests
  A titan skeleton (Crypt:3)
  21 deep elf knights
  2 storm dragon zombies
  5 spriggans (Depths:3)
  A fire crab (shapeshifter) (Vaults:4)
  7 sun demons
  A shock serpent (shapeshifter) (Vaults:5)
  3 salamander mystics
  3 shadow wraiths
  16 skeletal warriors
  3 sixfirhies
  2 unseen horrors
  9 sea snakes
  18 deep trolls
  A torturous demonspawn (Depths:3)
  An iron giant zombie (Crypt:2)
  4 naga ritualists
  2 unseen horrors (shapeshifter)
  14 phantasmal warriors
  19 deep elf archers
  9 wizards
  4 glowing orange brains
  2 shadow demons (WizLab)
  15 flayed ghosts
  A lindwurm (Lair:6)
  17 ironbrand convokers
  6 necromancers
  8 harpies
  16 orc knights
  2 orange crystal statues
  A shining eye (Slime:4)
  A fire giant zombie (Crypt:2)
  70 deep elf magi
  7 orc sorcerers
  An orb spider (shapeshifter) (Vaults:4)
  10 mana vipers
  A wolf spider zombie (D:14)
  44 ugly things
  13 salamanders
  6 cyclopes
  3 wolf spiders
  12 manticores
  22 moths of wrath
  2 shock serpent zombies
  11 elephants
  9 fauns
  32 black mambas
  7 merfolk sirens
  5 centaur zombies
  2 guardian serpents (Snake:4)
  2 stone giant skeletons
  A black mamba (shapeshifter) (Vaults:5)
  4 fire giant skeletons
  7 rust devils
  7 water nymphs
  14 naga magi
  21 vault sentinels
  Maurice (D:10)
  A storm dragon simulacrum (Vaults:3)
  A black draconian zombie (Crypt:1)
  2 torpor snails (Lair:5)
  11 apocalypse crabs (Depths:2)
  A dire elephant skeleton (Crypt:3)
  2 smoke demons
  6 gargoyles
  4 orange demons
  5 kobold demonologists
  A demonic crawler (Hell)
  12 spiny frogs
  2 hellions
  2 efreet
  5 rime drakes
  An ice devil (WizLab)
  67 yaktaurs
  5 komodo dragons
  5 freezing wraiths
  A redback zombie (Crypt:1)
  7 hellwings
  3 meliai (Lair:4)
  2 tormentors (WizLab)
  2 minotaur zombies (Lab)
  A meliai (shapeshifter) (Vaults:5)
  9 red devils
  A jumping spider (shapeshifter) (Depths:1)
  19 merfolk
  2 tengu conjurers
  A pale draconian skeleton (Crypt:2)
  A queen bee (Lair:4)
  A wolf spider simulacrum (Crypt:1)
  2 guardian mummies (Crypt:3)
  11 trolls
  79 slime creatures
  A polar bear (Lair:6)
  2 wind drakes (Shoals:4)
  3 large abominations
  6 dream sheep (Lair:6)
  10 hippogriffs
  An ettin zombie (Crypt:1)
  A bog body (Crypt:1)
  6 hornets
  16 blink frogs
  6 snapping turtles
  An ice dragon zombie (Crypt:2)
  3 shadows
  A death drake skeleton (Crypt:2)
  3 air elementals
  10 fire dragon skeletons
  14 wraiths
  A tarantella (shapeshifter) (Vaults:5)
  A black mamba zombie (Crypt:1)
  An ushabti (Crypt:3)
  A black mamba skeleton (Crypt:3)
  2 wyverns
  A ynoxinul (WizLab)
  38 yaks
  16 humans (D:14)
  A fire bat (shapeshifter) (Depths:4)
  34 water elementals
  2 basilisks
  7 fire elementals
  3 hogs (Snake:3)
  2 chaos spawn
  4 hungry ghosts
  A neqoxec (Zot:1)
  2 human simulacra
  7 wargs
  A soldier ant (D:12)
  12 water moccasins
  40 nagas
  A porcupine (shapeshifter) (Depths:3)
  7 porcupines
  7 hell hounds
  3 acid dragons
  A two-headed ogre skeleton (Crypt:2)
  A water nymph skeleton (Crypt:1)
  A black mamba simulacrum (Hell)
  A deep troll skeleton (Crypt:2)
  A human zombie (Vaults:2)
  5 ice beasts
  2 phantoms
  30 orc warriors
  2 black bears
  2 eyes of draining
  3 sky beasts
  6 boggarts
  50 ogres
  8 wolves
  17 centaurs
  9 crocodiles
  A crocodile (shapeshifter) (Depths:2)
  A big kobold (D:13)
  17 bullfrogs
  A yaktaur skeleton (Crypt:1)
  2 wyvern zombies
  An earth elemental (Elf:3)
  6 scorpions
  17 killer bees
  A small abomination (D:14)
  6 wights
  10 howler monkeys
  A lava snake (Orc:1)
  9 hounds
  2 quasits
  3 bullfrog zombies
  14 crimson imps
  5 centaur skeletons
  2 bullfrog skeletons
  18 orc priests
  7 jellies
  A gnoll shaman (D:5)
  Ijyb (D:6)
  Jessica (D:2)
  3 iguanas
  12 orc wizards
  11 worker ants
  Terence (D:2)
  An acid dragon zombie (Crypt:2)
  A sky beast zombie (Crypt:1)
  A crocodile skeleton (Crypt:2)
  A hound zombie (D:9)
  A hound skeleton (D:5)
  Robin (D:4)
  A howler monkey zombie (D:5)
  5 mummies (Crypt:3)
  5 gnolls
  A river rat (shapeshifter) (Vaults:5)
  A worker ant zombie (D:8)
  18 adders
  6 shadow imps
  2 white imps (Depths:3)
  An ufetubus (Depths:3)
  2 oozes (D:12)
  2 adder zombies (D:8)
  An adder skeleton (D:9)
  2 worms
  4 dart slugs
  6 leopard geckos
  80 orcs
  10 bats
  8 giant cockroaches
  18 goblins
  7 hobgoblins
  8 jackals
  3 quokkas
  2 ball pythons
  9 frilled lizards
  7 kobolds
  2 leopard gecko skeletons
  3 quokka skeletons
  A quokka zombie (D:8)
  A rat (D:3)
  2 fungi (Depths:3)
  12 plants
  3 tentacles (Shoals:1)
2418 creatures vanquished.

Vanquished Creatures (collateral kills)
  A Killer Klown (Zot:5)
  Nikola (Vaults:2)
  A lich (Depths:5)
  A deep elf blademaster (Elf:3)
  An acid blob (Slime:5)
  A quicksilver dragon (Zot:2)
  A sphinx (D:15)
  Gastronok (D:8)
  An ancient champion (Crypt:2)
  Kirke (Snake:3)
  A tengu reaver (Vaults:5)
  2 nagarajas
  A frost giant (Vaults:5)
  Aizul (Snake:3)
  A draconian shifter (Zot:4)
  2 deep elf sorcerers (Elf:3)
  A balrug (WizLab)
  A very ugly thing (Depths:3)
  A war gargoyle (Crypt:3)
  2 vampire knights
  A ghoul (Vaults:3)
  A stone giant (D:15)
  A deep elf annihilator (Elf:3)
  A purple draconian (Zot:1)
  A dire elephant (Lair:6)
  A yellow draconian (Zot:5)
  An eidolon (Crypt:3)
  A merfolk javelineer (Shoals:4)
  An ettin (D:15)
  A yaktaur captain (D:15)
  A death ooze (Slime:5)
  2 vault guards
  A spriggan air mage (Depths:4)
  A hydra (Lair:4)
  An anaconda (Snake:3)
  A catoblepas (Lair:6)
  4 ice dragons
  7 naga warriors
  An ogre mage (Vaults:2)
  3 two-headed ogres
  A death yak (Lair:6)
  A tengu warrior (D:14)
  3 deep elf knights
  A spriggan berserker (Depths:4)
  A storm dragon zombie (Vaults:4)
  3 naga sharpshooters
  A soul eater (WizLab)
  A salamander mystic (Snake:4)
  2 skeletal warriors
  A sea snake (Shoals:4)
  4 deep elf archers
  An ironbrand convoker (Vaults:3)
  2 deep trolls
  2 flayed ghosts
  A sea snake (shapeshifter) (Vaults:2)
  An orc knight (Vaults:1)
  5 phantasmal warriors
  3 harpies (Shoals:3)
  3 manticores
  14 deep elf magi
  3 shining eyes
  9 slime creatures
  4 fauns
  3 ugly things
  7 naga magi
  Joseph (D:8)
  7 black mambas
  A gargoyle (D:11)
  3 merfolk sirens (Shoals:4)
  A shock serpent zombie (Crypt:1)
  A stone giant skeleton (Vaults:4)
  2 spiny frogs
  A torpor snail (Lair:5)
  2 fire giant skeletons (Crypt:3)
  3 guardian serpents (Snake:4)
  An orange demon (WizLab)
  2 freezing wraiths
  2 komodo dragons
  4 yaktaurs
  A kobold demonologist (D:13)
  An ice devil (Depths:2)
  A redback zombie (D:15)
  A guardian mummy (Crypt:3)
  A hellwing (WizLab)
  3 merfolk
  A troll (Orc:2)
  A hornet (D:12)
  A hippogriff (shapeshifter) (Depths:1)
  4 blink frogs
  A snapping turtle (Shoals:2)
  4 hippogriffs
  7 dream sheep (Lair:6)
  2 fire dragon skeletons (Crypt:3)
  A water elemental (Elf:1)
  An ice dragon skeleton (Crypt:3)
  14 yaks
  2 humans (D:14)
  A hog (Snake:3)
  Grum (D:8)
  A golden eye (shapeshifter) (Vaults:2)
  A hungry ghost (Crypt:3)
  A basilisk (Lair:3)
  A deep troll zombie (Vaults:2)
  14 nagas
  4 water moccasins
  A spiny frog zombie (Crypt:1)
  2 porcupines
  4 orc warriors
  2 ice beasts
  2 phantoms
  A boggart (Elf:3)
  4 ogres
  2 centaurs
  5 wolves
  A human skeleton (Vaults:2)
  9 killer bees (Lair:4)
  3 wights
  A howler monkey (D:11)
  2 jellies (D:12)
  3 orc priests
  2 orc wizards
  3 centaur skeletons
  A worker ant (D:14)
  A hound zombie (D:8)
  A human simulacrum (Crypt:1)
  3 mummies (Crypt:3)
  A shadow imp (Depths:3)
  A white imp (Depths:3)
  3 oozes (D:12)
  8 orcs
  A giant cockroach zombie (Crypt:2)
  4 kobolds (D:13)
  A fungus (Lair:6)
306 creatures vanquished.

Vanquished Creatures (others)
  A deep elf master archer (Elf:3)
  A storm dragon (Depths:3)
  A red draconian (Zot:5)
  A moth of wrath (Zot:5)
  A hornet (Depths:3)
  A merfolk (Shoals:2)
  A spriggan (Depths:3)
  A small abomination (Zot:5)
  A centaur (D:15)
  An orc (Vaults:5)
  78 blocks of ice
  A bush (Lair:6)
  34 fungi
  17 plants
  A tentacle (Shoals:1)
141 creatures vanquished.

Grand Total: 2865 creatures vanquished

Notes
Turn   | Place    | Note
-------+----------+-------------------------------------------
     0 | D:1      | hexaflexagon the Deep Elf Ice Elementalist began the quest for the Orb.
     0 | D:1      | Reached XP level 1. HP: 10/10 MP: 6/6
   439 | D:1      | Reached XP level 2. HP: 15/15 MP: 5/8
   443 | D:1      | Learned a level 2 spell: Throw Frost
  1416 | D:2      | Reached skill level 4 in Ice Magic
  1481 | D:2      | Noticed Jessica
  1483 | D:2      | Reached XP level 3. HP: 19/19 MP: 5/10
  1600 | D:2      | Noticed Terence
  1754 | D:2      | Killed Jessica
  1754 | D:2      | Reached XP level 4. HP: 24/24 MP: 5/12
  1884 | D:2      | Reached skill level 5 in Spellcasting
  1948 | D:2      | Killed Terence
  1948 | D:2      | Reached skill level 5 in Ice Magic
  2158 | D:2      | Learned a level 3 spell: Ozocubu's Armour
  2163 | D:2      | Learned a level 4 spell: Throw Icicle
  2265 | D:3      | Reached XP level 5. HP: 28/28 MP: 5/14
  2301 | D:3      | Reached skill level 1 in Charms
  2375 | D:3      | Noticed wazuzu's ghost (amateur MfGl)
  3349 | D:3      | Found a shimmering altar of Xom.
  3368 | D:3      | Reached XP level 6. HP: 32/32 MP: 8/15
  3527 | D:4      | Found a stormy altar of Qazlal.
  3654 | D:4      | Reached skill level 6 in Ice Magic
  3842 | D:4      | Noticed Robin
  3894 | D:4      | Killed Robin
  3894 | D:4      | Reached XP level 7. HP: 36/36 MP: 7/16
  4030 | D:4      | Found a glowing golden altar of the Shining One.
  4033 | D:4      | Found a bloodstained altar of Trog.
  4036 | D:4      | Found an iron altar of Okawaru.
  4039 | D:4      | Found a snail-covered altar of Cheibriados.
  4079 | D:4      | Noticed Ijyb
  4708 | D:5      | Entered Level 5 of the Dungeon
  5240 | D:5      | Reached skill level 5 in Dodging
  5883 | D:6      | Reached skill level 1 in Shields
  5994 | D:6      | Found Seorric's Antique Weapon Shop.
  6246 | D:6      | Reached skill level 7 in Ice Magic
  6246 | D:6      | Reached XP level 8. HP: 41/41 MP: 12/19
  6297 | D:6      | Found a shadowy altar of Dithmenos.
  6306 | D:6      | Became a worshipper of Dithmenos the Shadowed
  6926 | D:6      | Killed Ijyb
  6948 | D:6      | Found a staircase to the Ecumenical Temple.
  7271 | D:7      | Reached skill level 1 in Fighting
  7893 | D:7      | Learned a level 4 spell: Summon Lightning Spire
  7913 | D:7      | Noticed a two-headed ogre
  8146 | D:7      | Reached skill level 1 in Air Magic
  8146 | D:7      | Reached XP level 9. HP: 40/48 MP: 6/23
  8354 | D:8      | Reached * piety under Dithmenos
  8354 | D:8      | Reached skill level 1 in Summonings
  8929 | D:8      | Noticed Joseph
  8943 | D:8      | Noticed Grum
  8948 | D:8      | Killed Joseph
  8978 | D:8      | Reached skill level 5 in Conjurations
  8983 | D:8      | Killed Grum
  9281 | D:8      | Noticed Gastronok
  9296 | D:8      | Reached ** piety under Dithmenos
  9368 | D:8      | Found a staircase to the Lair.
  9437 | D:8      | Reached XP level 10. HP: 56/56 MP: 22/25
 10319 | D:9      | Noticed a two-headed ogre
 10371 | D:9      | Learned a level 2 spell: Blink
 10409 | D:9      | Noticed a two-headed ogre
 10489 | D:8      | Killed Gastronok
 10489 | D:8      | Reached skill level 5 in Shields
 10489 | D:8      | Reached skill level 10 in Spellcasting
 10686 | D:9      | Killed a two-headed ogre
 10754 | D:9      | Reached skill level 5 in Summonings
 11204 | D:9      | Killed a two-headed ogre
 11404 | D:7      | Killed a two-headed ogre
 11404 | D:7      | Reached XP level 11. HP: 62/62 MP: 20/27
 11577 | Lair:1   | Entered Level 1 of the Lair of Beasts
 11990 | Lair:1   | Reached *** piety under Dithmenos
 11990 | Lair:1   | Reached skill level 5 in Fighting
 12692 | Lair:1   | Reached XP level 12. HP: 73/73 MP: 28/28
 12824 | Lair:1   | Found a glowing golden altar of the Shining One.
 12919 | Lair:2   | Noticed a five-headed hydra
 12987 | Lair:2   | Reached skill level 10 in Dodging
 13107 | Lair:2   | Got a glittering tin ring
 13109 | Lair:2   | Identified the ring of Spring {rC+ MR+ Int-4 Dex+2} (You found it on level 2 of the Lair of Beasts)
 13484 | Lair:2   | Killed a five-headed hydra
 13484 | Lair:2   | Reached skill level 1 in Translocations
 13859 | Lair:3   | Found a staircase to the Snake Pit.
 14376 | Lair:3   | Reached **** piety under Dithmenos
 14376 | Lair:3   | Reached XP level 13. HP: 80/80 MP: 29/29
 14985 | Lair:4   | Found a staircase to the Shoals.
 15896 | Lair:5   | Reached ***** piety under Dithmenos
 16007 | Lair:5   | Reached skill level 8 in Ice Magic
 16019 | Lair:5   | Reached skill level 10 in Fighting
 16317 | Lair:5   | Found a snail-covered altar of Cheibriados.
 16447 | Lair:5   | Reached skill level 9 in Ice Magic
 16505 | Lair:5   | Noticed zero's ghost (journeyman SpEn)
 16687 | Lair:5   | Reached skill level 10 in Conjurations
 16768 | Lair:5   | Killed zero's ghost
 17055 | Lair:6   | Entered Level 6 of the Lair of Beasts
 17055 | Lair:6   | Found a labyrinth entrance.
 17089 | Lair:6   | Learned a level 3 spell: Mephitic Cloud
 17096 | Lab      | Entered a labyrinth
 17308 | Lab      | Noticed a minotaur
 17312 | Lab      | Killed a minotaur
 18048 | Lair:6   | Noticed wazuzu's ghost (journeyman OgTm)
 18106 | Lair:6   | Reached XP level 14. HP: 88/88 MP: 32/32
 18117 | Lair:6   | Reached skill level 1 in Invocations
 18588 | Lair:6   | Killed wazuzu's ghost
 18735 | Lair:5   | Reached skill level 5 in Air Magic
 18934 | Lair:6   | Found a staircase to the Slime Pits.
 19420 | Lair:6   | Reached ****** piety under Dithmenos
 19727 | D:10     | Entered Level 10 of the Dungeon
 19802 | D:10     | Reached skill level 5 in Invocations
 20178 | D:10     | Noticed Maurice
 20245 | D:10     | Killed Maurice
 20301 | D:10     | Found Vaib's Weapon Shop.
 20684 | D:11     | Found a bloodstained altar of Trog.
 20740 | D:11     | Found Kuewnosi's Food Boutique.
 21029 | D:11     | Reached skill level 5 in Stealth
 21185 | D:12     | Got a crystal falchion
 21186 | D:12     | Identified the +9 falchion "Banisher" {freeze, rN+ Dex+2} (You found it on level 12 of the Dungeon)
 21725 | D:12     | Found a sacrificial altar of Ru.
 21935 | D:12     | Found a staircase to the Orcish Mines.
 22783 | D:13     | Identified the amulet "Vurev" {Inacc +Fly rPois} (You found it on level 13 of the Dungeon)
 22990 | D:13     | Reached XP level 15. HP: 92/92 MP: 34/34
 23057 | D:13     | Learned a level 6 spell: Bolt of Cold
 23101 | D:13     | Learned a level 6 spell: Freezing Cloud
 23168 | Orc:1    | Entered Level 1 of the Orcish Mines
 23452 | Orc:1    | Noticed an orc warlord
 23969 | Orc:1    | Killed an orc warlord
 24440 | Orc:2    | Entered Level 2 of the Orcish Mines
 24461 | Orc:2    | Found a roughly hewn altar of Beogh.
 24462 | Orc:2    | Found Mempoa's Weapon Shoppe.
 24496 | Orc:2    | Found a staircase to the Elven Halls.
 24730 | Orc:2    | Found Jokketom's Distillery.
 24736 | Orc:2    | Reached skill level 10 in Ice Magic
 25100 | Orc:2    | Reached skill level 11 in Ice Magic
 25469 | Orc:2    | Found Kag Kisch's Distillery.
 25485 | Orc:2    | Found Xouh's Armour Boutique.
 25497 | Orc:2    | Found Lywof's Antique Weapon Emporium.
 25938 | D:14     | Reached skill level 12 in Ice Magic
 26440 | D:14     | Noticed Sonja
 26447 | D:14     | Killed Sonja
 26735 | D:14     | Reached skill level 13 in Ice Magic
 27266 | D:15     | Entered Level 15 of the Dungeon
 27288 | D:15     | Learned a level 3 spell: Regeneration
 27291 | D:15     | Learned a level 2 spell: Shroud of Golubria
 27513 | D:15     | Found Gawedd's Jewellery Boutique.
 27636 | D:15     | Found a staircase to the Depths.
 27848 | D:15     | Found Bup Yton's Jewellery Emporium.
 27883 | D:15     | Found Macs's Jewellery Emporium.
 27976 | D:15     | Found Plog's Antique Weapon Shop.
 27990 | D:15     | Found Ipuups's Antique Armour Shoppe.
 28019 | D:15     | Bought a glowing scarf for 256 gold pieces
 28057 | D:15     | Reached XP level 16. HP: 97/97 MP: 35/35
 28072 | D:15     | Found a huge runed gate.
 28072 | D:15     | Found a huge runed gate.
 28072 | D:15     | Found a huge runed gate.
 28072 | D:15     | Found a huge runed gate.
 28076 | D:15     | Found a huge runed gate.
 28077 | D:15     | Found a huge runed gate.
 28077 | D:15     | Found a huge runed gate.
 28077 | D:15     | Found a huge runed gate.
 28077 | D:15     | Found a huge runed gate.
 28077 | D:15     | Found a huge runed gate.
 28088 | D:15     | Found a huge runed gate.
 28088 | D:15     | Found a huge runed gate.
 28088 | D:15     | Found a huge runed gate.
 28088 | D:15     | Found a huge runed gate.
 28088 | D:15     | Found a huge runed gate.
 28273 | D:15     | Found a huge runed gate.
 28273 | D:15     | Found a huge runed gate.
 28273 | D:15     | Found a huge runed gate.
 28274 | D:15     | Found a huge runed gate.
 28282 | D:15     | Found a huge runed gate.
 28282 | D:15     | Found a huge runed gate.
 28282 | D:15     | Found a huge runed gate.
 28282 | D:15     | Found a huge runed gate.
 28282 | D:15     | Found a huge runed gate.
 28283 | D:15     | Found a huge runed gate.
 28284 | D:15     | Found a huge runed gate.
 28285 | D:15     | Found a huge runed gate.
 28549 | D:15     | Noticed a tengu reaver
 28549 | D:15     | Noticed a sphinx
 28983 | D:14     | Found a gate to the Vaults.
 29229 | D:14     | Upgraded the game from 0.21-a0-634-gaf8bc5d to 0.22-a0-355-g201945f
 29471 | D:8      | Upgraded the game from 0.22-a0-355-g201945f to 0.22-a0-388-g09e6169
 29471 | D:8      | Upgraded the game from 0.22-a0-388-g09e6169 to 0.22-a0-392-g5dc3fd9
 29545 | Shoals:1 | Entered Level 1 of the Shoals
 29852 | Shoals:1 | Got a polished war axe
 29853 | Shoals:1 | Identified the +12 war axe "Quschikhlu" {chop, MR+ Int+5} (You found it on level 1 of the Shoals)
 29872 | Shoals:1 | Noticed a kraken
 31282 | Shoals:2 | Noticed a kraken
 32323 | Shoals:3 | Reached skill level 14 in Ice Magic
 32428 | Shoals:4 | Entered Level 4 of the Shoals
 32489 | Shoals:4 | Noticed Ilsuiw
 32495 | Shoals:4 | Reached skill level 10 in Shields
 32746 | Shoals:4 | Reached skill level 5 in Charms
 33413 | Snake:1  | Entered Level 1 of the Snake Pit
 33604 | Elf:1    | Entered Level 1 of the Elven Halls
 33735 | Elf:1    | Reached skill level 1 in Necromancy
 34181 | Elf:1    | Noticed 4thArraOfDagon's ghost (journeyman TrFE)
 34212 | Elf:1    | Killed 4thArraOfDagon's ghost
 34483 | Elf:1    | Found Bahon's Distillery.
 34643 | Elf:1    | Reached XP level 17. HP: 102/102 MP: 35/36
 34650 | Elf:1    | Reached skill level 15 in Ice Magic
 34846 | Elf:1    | Found Waewonoq's Book Shop.
 34954 | Elf:1    | Found Jidghef's Jewellery Shop.
 34955 | Elf:1    | Found Wuab's Gadget Shoppe.
 34956 | Elf:1    | Found Duleynki's Jewellery Shop.
 35008 | Elf:1    | Found Onocunuo's Distillery.
 35043 | Elf:1    | Found Xaceam's Gadget Shop.
 39546 | Snake:3  | Noticed Aizul
 39550 | Snake:3  | Killed Aizul
 39932 | Snake:3  | Noticed Kirke
 39938 | Snake:3  | Killed Kirke
 40802 | Snake:4  | Entered Level 4 of the Snake Pit
 42159 | Snake:4  | Found a white marble altar of Elyvilon.
 42559 | Snake:4  | Gained mutation: You have a somewhat thin skeletal structure. (Dex +2, Stealth) [mutagenic glow]
 43507 | Snake:4  | Reached XP level 18. HP: 110/110 MP: 15/37
 45343 | Snake:4  | Got a serpentine rune of Zot
 46544 | Shoals:4 | Got a barnacled rune of Zot
 47089 | Vaults:1 | Entered Level 1 of the Vaults
 48141 | Elf:1    | Got a transparent scale mail
 48159 | Elf:1    | Identified the cursed +1 scale mail of Nihilism {rElec Str+8 Int-4 Slay-4} (You found it on level 1 of the Elven Halls)
 48689 | Elf:2    | Found a runed gate.
 48689 | Elf:2    | Found a runed gate.
 48690 | Elf:2    | Found a runed gate.
 50140 | Elf:2    | Reached XP level 19. HP: 116/116 MP: 39/39
 50272 | Elf:3    | Entered Level 3 of the Elven Halls
 50330 | Elf:3    | Found Asiong's Antique Weapon Shoppe.
 50330 | Elf:3    | Found Cuij Qoa's Distillery.
 50332 | Elf:3    | Found Eryxamo's Armour Shoppe.
 50333 | Elf:3    | Found Hirug's Antique Armour Emporium.
 50383 | Elf:3    | Reached skill level 15 in Spellcasting
 51323 | Elf:3    | Found a deep blue altar of Sif Muna.
 51845 | Elf:3    | Reached skill level 16 in Ice Magic
 52046 | Elf:3    | Got a faintly glowing ruby amulet
 52052 | Elf:3    | Identified the amulet of Leass {RegenMP Int+6} (You took it off a vampire mage on level 3 of the Elven Halls)
 53280 | Elf:3    | Identified the ring "Walot" {Str+7 Stlth-} (You took it off a deep elf demonologist on level 3 of the Elven Halls)
 53610 | Elf:3    | Got a pitted large shield
 53621 | Elf:3    | Identified the cursed +0 large shield "Golybeli" {rPois Dex+4} (You took it off a deep elf annihilator on level 3 of the Elven Halls)
 53686 | Elf:3    | Bought a shimmering leather armour for 217 gold pieces
 53696 | Elf:3    | Identified the cursed +0 leather armour of Honour {rF- rC+++ SInv Stlth-} (You bought it in a shop on level 3 of the Elven Halls)
 54077 | Elf:3    | Bought the +0 pair of boots of a Million Lies {+Inv rElec rF- Int+9} for 486 gold pieces
 54306 | Vaults:1 | Got a pair of slimy boots
 54307 | Vaults:1 | Identified the +2 pair of boots of Beogh's Wrath {Str+6 Int+2 Slay+2} (You found it on level 1 of the Vaults)
 55264 | Vaults:1 | Reached skill level 1 in Evocations
 55295 | Vaults:1 | Reached XP level 20. HP: 123/123 MP: 17/41
 55906 | Elf:3    | Bought the +1 cloak of Starlight {rElec rC+ EV+4 Stlth--} for 578 gold pieces
 55906 | Elf:3    | Found the +1 cloak of Starlight {rElec rC+ EV+4 Stlth--}
 56212 | D:15     | Reached skill level 1 in Armour
 56667 | D:15     | Found Plog's Antique Weapon Shop.
 56684 | D:15     | Found Ipuups's Antique Armour Shoppe.
 56774 | D:15     | Found Gawedd's Jewellery Boutique.
 56926 | D:15     | Found a staircase to the Depths.
 56970 | D:15     | Found Bup Yton's Jewellery Emporium.
 57241 | D:15     | Found Macs's Jewellery Emporium.
 57690 | Vaults:2 | Reached skill level 5 in Armour
 58234 | Vaults:2 | Noticed Nikola
 58236 | Vaults:2 | Noticed a bone dragon
 58240 | Vaults:2 | Killed Nikola
 58247 | Vaults:2 | Killed a bone dragon
 58263 | Vaults:2 | Found a staircase to the Crypt.
 58426 | Vaults:2 | Noticed Frederick
 58432 | Vaults:2 | Killed Frederick
 59228 | Vaults:2 | Reached skill level 5 in Necromancy
 59233 | Vaults:2 | Noticed Donald
 59235 | Vaults:2 | Killed Donald
 59429 | Vaults:3 | Found a magical portal.
 59453 | WizLab   | Entered The Hall of the Hellbinder
 59705 | WizLab   | Gained mutation: You are frail. (-10% HP) [a cacodemon]
 59863 | WizLab   | Reached skill level 5 in Evocations
 60094 | WizLab   | Found a burning altar of Makhleb.
 60238 | WizLab   | Noticed Ihuconuy
 60242 | WizLab   | Killed Ihuconuy the Hellbinder
 60283 | WizLab   | Identified the Catalogue of the Entourage
 60708 | Vaults:3 | Reached XP level 21. HP: 101/115 MP: 23/43
 61599 | Vaults:3 | Reached skill level 17 in Ice Magic
 62025 | Vaults:3 | You fall through a shaft!
 62573 | Vaults:3 | Reached skill level 10 in Armour
 63898 | Vaults:4 | Noticed a golden dragon
 63902 | Vaults:4 | Reached skill level 15 in Conjurations
 63911 | Vaults:4 | Killed a golden dragon
 64317 | Vaults:4 | Found Jyth's Weapon Emporium.
 64329 | Vaults:4 | Reached XP level 22. HP: 119/119 MP: 36/45
 64346 | Vaults:4 | Reached skill level 18 in Ice Magic
 64831 | Depths:1 | Entered Level 1 of the Depths
 64986 | Depths:1 | Found a gateway to Hell.
 67139 | Depths:2 | Cast into level 2 of the Abyss (an apocalypse crab)
 67166 | Depths:2 | Escaped the Abyss
 67521 | Depths:3 | Found a one-way gate to the infinite horrors of the Abyss.
 67848 | Depths:3 | Noticed a golden dragon
 67966 | Depths:3 | Killed a golden dragon
 68651 | Depths:3 | Found a one-way gate leading to the halls of Pandemonium.
 68654 | Depths:3 | Gained mutation: Scrolls take you a little longer to read. [a cacodemon]
 68721 | Depths:3 | Lost mutation: You are frail. (-10% HP) [potion of mutation]
 68721 | Depths:3 | Lost mutation: Scrolls take you a little longer to read. [potion of mutation]
 68721 | Depths:3 | Gained mutation: Your mind is acute. (Int +2) [potion of mutation]
 68721 | Depths:3 | Gained mutation: You expend magic power (3 MP) to strengthen your wands. [potion of mutation]
 68982 | Depths:3 | Noticed a golden dragon
 69400 | Depths:3 | Noticed a golden dragon
 69402 | Depths:3 | Killed a golden dragon
 69619 | Depths:3 | Noticed a juggernaut
 70001 | Depths:3 | Killed a juggernaut
 70001 | Depths:3 | Reached XP level 23. HP: 141/141 MP: 40/47
 70069 | Depths:3 | Noticed the Enchantress
 70075 | Depths:3 | Identified a scroll of acquirement
 70086 | Depths:3 | Killed the Enchantress
 70100 | Depths:3 | Noticed a juggernaut
 70104 | Depths:3 | Killed a juggernaut
 70220 | Depths:3 | Identified the +6 faerie dragon scales {rCorr Str+6} (You took it off the Enchantress on level 3 of the Depths)
 70695 | Depths:4 | Found a glowing golden altar of the Shining One.
 70719 | Depths:4 | Found a gateway to a ziggurat.
 71294 | Depths:4 | Noticed Jory
 71331 | Depths:4 | Reached skill level 15 in Shields
 71454 | Depths:4 | Reached skill level 10 in Stealth
 71583 | Depths:4 | Noticed a caustic shrike
 71589 | Depths:4 | Killed a caustic shrike
 71733 | Depths:4 | Got an ancient iron ring
 71734 | Depths:4 | Identified the ring of Gekufap {Fire *Drain rPois rN+} (You acquired it on level 4 of the Depths)
 72387 | Depths:5 | Entered Level 5 of the Depths
 72401 | Depths:5 | Identified the +0 pair of boots "Ekuet" {rElec rF- rCorr Int+7} (You found it on level 5 of the Depths)
 72529 | Depths:5 | Found Parriobi's Jewellery Boutique.
 72538 | Depths:5 | Found Eluz's Armour Shop.
 72540 | Depths:5 | Found Gyipyrch's Book Boutique.
 72554 | Depths:5 | Bought the ring of Xefof {rElec rF+ rC- MP+9 Str+3} for 729 gold pieces
 72567 | Depths:5 | Bought the +0 Maxwell's etheric cage {RegenMP+ *Contam rElec MP+4} for 680 gold pieces
 72567 | Depths:5 | Found the +0 Maxwell's etheric cage {RegenMP+ *Contam rElec MP+4}
 72762 | Depths:5 | Reached skill level 15 in Dodging
 72961 | Depths:5 | Found a gate to the Realm of Zot.
 73139 | Depths:5 | Reached skill level 15 in Fighting
 73997 | Crypt:1  | Entered Level 1 of the Crypt
 74295 | Crypt:1  | Reached XP level 24. HP: 150/150 MP: 11/47
 74433 | Crypt:1  | Learned a level 6 spell: Iron Shot
 74457 | Crypt:1  | Reached skill level 1 in Earth Magic
 75567 | Crypt:2  | Reached skill level 5 in Earth Magic
 76192 | Crypt:3  | Entered Level 3 of the Crypt
 76487 | Crypt:3  | Identified the +6 leather armour of the Eternal Fruit {Str+2 Int+2} (You found it on level 3 of the Crypt)
 76819 | Crypt:3  | Noticed Mennas
 76830 | Crypt:3  | Killed Mennas
 77244 | Crypt:3  | Found an ancient bone altar of Kikubaaqudgha.
 77278 | Crypt:3  | Noticed an ancient lich
 77286 | Crypt:3  | Killed an ancient lich
 77766 | Crypt:3  | Noticed an ancient lich
 77771 | Crypt:3  | Killed an ancient lich
 78195 | Crypt:3  | Found a staircase to the Tomb.
 78259 | Crypt:3  | Identified the Reference Book on Feathery Evil
 79502 | Shoals:4 | Killed Ilsuiw
 79571 | Shoals:4 | Learned a level 1 spell: Summon Butterflies
 79863 | Orc:2    | Bought a potion of haste for 140 gold pieces
 79863 | Orc:2    | Bought a potion of magic for 112 gold pieces
 79863 | Orc:2    | Bought a potion of curing for 42 gold pieces
 79863 | Orc:2    | Bought 2 potions of curing for 84 gold pieces
 80164 | Slime:1  | Entered Level 1 of the Pits of Slime
 80369 | Slime:5  | Entered Level 5 of the Pits of Slime
 80648 | Slime:5  | Found a viscous altar of Jiyva.
 80663 | Slime:5  | Noticed the Royal Jelly
 80674 | Slime:5  | Killed the Royal Jelly
 81232 | Slime:5  | Found the +5 robe of Night {Dark MR+ SInv}
 81283 | Slime:5  | Found the +7 Singing Sword
 81287 | Slime:5  | Identified the Reference Book on the Shifting Mountains
 81364 | Slime:5  | Got a slimy rune of Zot
 81531 | Slime:5  | Reached XP level 25. HP: 155/155 MP: 47/47
 81671 | Slime:5  | Reached skill level 19 in Ice Magic
 81943 | Lair:6   | Learned a level 9 spell: Glaciate
 82365 | Depths:3 | Learned a level 6 spell: Deflect Missiles
 82369 | Depths:3 | Learned a level 3 spell: Ozocubu's Armour
 83334 | Vaults:5 | Entered Level 5 of the Vaults
 83645 | Vaults:5 | Reached skill level 20 in Ice Magic
 83760 | Vaults:5 | Gained mutation: Armour fits poorly on your strangely shaped body. [mutagenic glow]
 83870 | Vaults:5 | Gained mutation: You are clumsy. (Dex -2) [mutagenic glow]
 84050 | Vaults:5 | Found Nehustrep's Gadget Emporium.
 84202 | Vaults:5 | Lost mutation: Armour fits poorly on your strangely shaped body. [potion of mutation]
 84202 | Vaults:5 | Lost mutation: Your mind is acute. (Int +2) [potion of mutation]
 84202 | Vaults:5 | Lost mutation: You expend magic power (3 MP) to strengthen your wands. [potion of mutation]
 84202 | Vaults:5 | Gained mutation: Your muscles are strong. (Str +2) [potion of mutation]
 84202 | Vaults:5 | Gained mutation: Your body sometimes deteriorates upon taking damage. [potion of mutation]
 84202 | Vaults:5 | Gained mutation: You possess an exceptional clarity of mind. [potion of mutation]
 84203 | Vaults:5 | Lost mutation: Your body sometimes deteriorates upon taking damage. [potion of mutation]
 84203 | Vaults:5 | Lost mutation: You have a somewhat thin skeletal structure. (Dex +2, Stealth) [potion of mutation]
 84203 | Vaults:5 | Gained mutation: Potions are less effective at restoring your health. [potion of mutation]
 84203 | Vaults:5 | Gained mutation: You are partially covered in iridescent scales. (AC +2) [potion of mutation]
 84204 | Vaults:5 | Lost mutation: You are clumsy. (Dex -2) [potion of mutation]
 84204 | Vaults:5 | Lost mutation: You possess an exceptional clarity of mind. [potion of mutation]
 84204 | Vaults:5 | Gained mutation: You have a pair of small antennae on your head. [potion of mutation]
 84204 | Vaults:5 | Gained mutation: You can translocate small distances at will. [potion of mutation]
 84205 | Vaults:5 | Lost mutation: You have a pair of small antennae on your head. [potion of mutation]
 84205 | Vaults:5 | Lost mutation: Your muscles are strong. (Str +2) [potion of mutation]
 84205 | Vaults:5 | Lost mutation: Potions are less effective at restoring your health. [potion of mutation]
 84205 | Vaults:5 | Lost mutation: You can translocate small distances at will. [potion of mutation]
 84205 | Vaults:5 | Gained mutation: You have sharp toenails. [potion of mutation]
 84205 | Vaults:5 | Gained mutation: You possess an exceptional clarity of mind. [potion of mutation]
 84205 | Vaults:5 | Gained mutation: You are mostly covered in iridescent scales. (AC +4) [potion of mutation]
 84840 | Vaults:5 | Identified the +1 leather armour of Dithmenos's Approval {rF+} (You took it off a deep elf death mage on level 5 of the Vaults)
 84915 | Vaults:5 | Identified the amulet "Affuuf" {Spirit MR+++} (You took it off a vault warden on level 5 of the Vaults)
 84933 | Vaults:5 | Identified the ring of the Final Decision {rPois Str-2 Int+6} (You took it off a deep elf demonologist on level 5 of the Vaults)
 85034 | Vaults:5 | Found Cirris Yzak's Food Boutique.
 85099 | Vaults:5 | Reached skill level 21 in Ice Magic
 85255 | Vaults:5 | Identified the Tome of the Voyage
 85413 | Vaults:5 | Reached XP level 26. HP: 144/160 MP: 1/47
 85527 | Vaults:5 | Got a silver rune of Zot
 85594 | Vaults:5 | Upgraded the game from 0.22-a0-392-g5dc3fd9 to 0.22-a0-398-g8bb545f
 87362 | Zot:1    | Entered Level 1 of the Realm of Zot
 87551 | Zot:1    | Learned a level 8 spell: Lehudib's Crystal Spear
 88549 | Zot:1    | Reached skill level 10 in Invocations
 88954 | Zot:2    | Noticed an orb of fire
 88957 | Zot:2    | Killed an orb of fire
 88972 | Zot:2    | Reached skill level 22 in Ice Magic
 89841 | Zot:3    | Reached skill level 10 in Earth Magic
 90477 | Zot:4    | Reached XP level 27. HP: 165/165 MP: 38/47
 90594 | Zot:4    | Reached skill level 23 in Ice Magic
 91375 | Zot:5    | Entered Level 5 of the Realm of Zot
 91842 | Zot:5    | Noticed an ancient lich
 91849 | Zot:5    | Killed an ancient lich
 91849 | Zot:5    | Reached skill level 24 in Ice Magic
 91999 | Zot:5    | Noticed an ancient lich
 92001 | Zot:5    | Killed an ancient lich
 92024 | Zot:5    | Noticed an orb of fire
 92027 | Zot:5    | Killed an orb of fire
 92031 | Zot:5    | Noticed an orb of fire
 92037 | Zot:5    | Killed an orb of fire
 92037 | Zot:5    | Reached skill level 25 in Ice Magic
 92126 | Zot:5    | Noticed an orb of fire
 92131 | Zot:5    | Killed an orb of fire
 92488 | Zot:5    | Reached skill level 26 in Ice Magic
 92524 | Zot:5    | Noticed an orb of fire
 92527 | Zot:5    | Killed an orb of fire
 92642 | Zot:5    | Noticed an orb of fire
 92651 | Zot:5    | Gained mutation: You occasionally shout uncontrollably at your foes. [an orb of fire]
 92652 | Zot:5    | Gained mutation: You are occasionally teleported next to monsters. [an orb of fire]
 92653 | Zot:5    | Killed an orb of fire
 92676 | Zot:5    | Lost mutation: You possess an exceptional clarity of mind. [potion of mutation]
 92676 | Zot:5    | Gained mutation: You have a pair of small antennae on your head. [potion of mutation]
 92676 | Zot:5    | Gained mutation: Your system is resistant to poisons. (rPois) [potion of mutation]
 92677 | Zot:5    | Lost mutation: You have a pair of small antennae on your head. [potion of mutation]
 92677 | Zot:5    | Lost mutation: You have sharp toenails. [potion of mutation]
 92677 | Zot:5    | Lost mutation: You are mostly covered in iridescent scales. (AC +4) [potion of mutation]
 92677 | Zot:5    | Gained mutation: You are agile. (Dex +2) [potion of mutation]
 92677 | Zot:5    | Gained mutation: Your muscles are strong. (Str +2) [potion of mutation]
 92677 | Zot:5    | Gained mutation: You have a somewhat thin skeletal structure. (Dex +2, Stealth) [potion of mutation]
 92678 | Zot:5    | Lost mutation: You are occasionally teleported next to monsters. [potion of mutation]
 92678 | Zot:5    | Lost mutation: You are agile. (Dex +2) [potion of mutation]
 92678 | Zot:5    | Lost mutation: Your muscles are strong. (Str +2) [potion of mutation]
 92678 | Zot:5    | Gained mutation: You are weak. (Str -2) [potion of mutation]
 92678 | Zot:5    | Gained mutation: You can translocate small distances at will. [potion of mutation]
 92700 | Zot:5    | Gained mutation: You sometimes yell uncontrollably at your foes. [mutagenic glow]
 93662 | Hell     | Entered the Vestibule of Hell
 93662 | Hell     | Noticed Geryon
 93667 | Hell     | Killed Geryon
 93775 | Hell     | Reached skill level 27 in Ice Magic
 94053 | Zot:5    | Got the Orb of Zot
 94316 | Depths:3 | Noticed Zuorul the pandemonium lord
 94327 | Depths:3 | Killed Zuorul the pandemonium lord
 94486 | D:14     | Noticed Esse the pandemonium lord
 94486 | D:14     | Noticed an ancient lich
 94488 | D:14     | Killed Esse the pandemonium lord
 94489 | D:14     | Killed an ancient lich
 94500 | D:14     | Noticed Voedeba the pandemonium lord
 94502 | D:14     | Killed Voedeba the pandemonium lord
 94847 | D:$      | Escaped with the Orb!

Vault maps used:
D:1:      lightli_arrival_chessboard
D:2:      serial_bayou, serial_bayou_pond_b, serial_bayou_pond_a,
          serial_bayou_pond_c, serial_bayou_pond_e, serial_bayou_shore_b,
          serial_bayou_pond_e, first_ration, uniq_jessica, uniq_terence
D:3:      led_xom_imps, grunt_ministairs_9
D:4:      kennysheep_mini, grunt_temple_overflow_cloverleaf, uniq_robin,
          uniq_ijyb
D:6:      temple_hall, serial_shops, shop,
          nicolae_dithmenos_through_a_glass_darkly
D:8:      due_lair_maze_entry_diamond, uniq_gastronok, uniq_grum, uniq_joseph
D:10:     serial_shops, shop, uniq_maurice
D:11:     basic_altar, serial_shops, shop_statue
D:12:     david_orc_1_choice, hangedman_little_slice_of_home,
          nicolae_ru_sacrificial_ziggurat
D:13:     minmay_coctagon
D:14:     grunt_vaults_entry_tiered, uniq_sonja
D:15:     grunt_enter_depths_magical_seal, minmay_strange_pillars, serial_shops,
          nicolae_shop_waterfront, shop, nicolae_shop_overgrown_old_shop,
          nicolae_shop_crystal, nicolae_shop_temple_entry_statues_fountains,
          door_vault
Lair:1:   basic_altar, infiniplex_staircase_pool_2, grunt_megastairs_4,
          lemuel_fruit_tree
Lair:3:   guppyfry_snake_entry_island, grunt_megastairs_1
Lair:4:   minmay_shoals_entry_centaurs, special_room
Lair:5:   kennysheep_snail_temple
Lair:6:   hangedman_lair_in_review, minmay_slime_entry_pillars,
          lab_entry_generic, lemuel_fruit_fields, lemuel_fruit_fields
Shoals:1: cheibrodos_shoals_oceanic_diplomacy, dpeg_stationary_puzzle
Shoals:2: nicolae_shoals_island_circles
Shoals:4: shoals_end_grunt_ice, shoal_ilsuiw
Snake:1:  kennysheep_six_static_rooms, grunt_ministairs_7
Snake:3:  uniq_kirke, uniq_aizul
Snake:4:  snake_pit, basic_altar
Slime:1:  cheibrodos_slime_lost_civilization_10
Slime:2:  cheibrodos_slime_lost_civilization_4
Slime:3:  cheibrodos_slime_lost_civilization_9
Orc:1:    library_closet, nicolae_orc_lava_tube
Orc:2:    st_orc_open, serial_shops, shop, basic_altar
Elf:1:    eino_elf_arrival_customs, serial_shops, nicolae_shop_behind_doors,
          shop_fountains, nicolae_shop_behind_doors, shop_statue,
          kennysheep_underground_church, minmay_shop_grove
Elf:3:    grunt_elf_hall_asides, hangedman_summoners_spam, minmay_shoptagon
Vaults:1: v_pattern_4, v_rooms_5, ontoclasm_vaults_fault,
          nicolae_vaults_little_squares_4, vaults_dpeg_encased_lava,
          vaults_room_door_hall, nicolae_vaults_shelves_hall,
          vaults_mumra_minichess, vaults_room_guarded_vault,
          hangedman_vaults_trim, dpeg_vaults_monster_box
Vaults:2: hangedman_vaults_cutoff, vaults_room_pool,
          nicolae_vaults_c_with_doors, v_misc_9, v_misc_32, grunt_vaults_focal,
          vaults_room_fancy_cross, v_misc_24, nicolae_vaults_network_periphery,
          ontoclasm_vaults_hangar, vaults_dpeg_ring,
          minmay_crypt_entry_nasty_monster, v_misc_24, ontoclasm_vaults_gateway,
          ontoclasm_vaults_chip, vaults_dpeg_diagonal, ontoclasm_vaults_twist,
          uniq_nikola, uniq_frederick, uniq_donald
Vaults:3: nicolae_vaults_border_crossing, v_alt_pattern_2,
          nicolae_vaults_little_squares_1, v_misc_1, v_alt_pattern_3, v_misc_33,
          nicolae_vaults_twisting_passages, v_misc_12,
          nicolae_vaults_little_squares_2, nicolae_vaults_rhombus_7,
          mu_enter_wizlab_1
Vaults:4: hangedman_vaults_snaps, dpeg_vaults_waves,
          nicolae_vaults_yaktaur_gun_rack, hangedman_vaults_trim, v_misc_33,
          v_misc_19, hangedman_vaults_stretched_pinwheel, v_misc_30,
          vaults_room_door_ring, vaults_dpeg_cross, serial_shops, shop
Crypt:1:  grunt_crypt_arrival_split
Crypt:3:  quadcrypt_mu, uniq_mennas
Depths:1: hellmouth_3, serial_sigils_hangedman_stare, serial_bayou_pond_c,
          kennysheep_nondescript, kennysheep_generic_room_7
Depths:2: gammafunk_mikee_crab_dinner, hangedman_coc_ice_floe,
          minmay_hedge_maze, minmay_misc_feat_cross, minmay_crystal_water,
          minmay_staircase_windowed_small
Depths:3: gammafunk_depths_water_palace, hangedman_tar_grid_catacomb,
          grunt_pan_entry_in_and_out, serial_bayou, serial_bayou_lake_a,
          serial_bayou_shore_b, serial_bayou_pond_a, serial_bayou_crossing,
          abyss_entry
Depths:4: minmay_triangles_in_corner, enter_ziggurat_c,
          hangedman_abyss_entry_splay, hell_entry, tso_altar,
          infiniplex_staircase_river, uniq_jory
Depths:5: grunt_zot_entry_funnels, hell_entry, minmay_misc_feat_rugged,
          minmay_shop_star
Zot:1:    minmay_elemental_castle
Zot:3:    kennysheep_blocky_hall
Zot:4:    grunt_ministairs_13
Abyss:2:  hangedman_abyss_overflow_altar
Lab:      labyrinth_hidden_loot, labyrinth_skeletal_remains, nicolae_lab_lava,
          nicolae_lab_checkerboard
WizLab:   wizlab_demon

Skill      XL: |  1  2  3  4  5  6  7  8  9 10 11 12 13 14 15 16 17 18 19 20 21 22 23 24 25 26 27 |
---------------+----------------------------------------------------------------------------------+-----
Spellcasting   | 4 5 6 8 9 10 12 13 14 15 16 17 18 20 | 20.6
Ice Magic      | 4 5 6 7 9 13 14 15 16 17 18 21 22 27 | 27.0
Charms         | 2 3 5 6 |  6.0
Dodging        | 3 4 5 6 9 11 12 13 14 18 | 18.7
Conjurations   | 2 3 5 7 8 11 12 13 14 15 16 18 21 22 | 22.0
Shields        | 1 3 4 5 7 10 11 12 14 15 | 15.0
Fighting       | 2 4 8 9 10 11 12 13 15 | 15.0
Stealth        | 3 4 6 8 10 14 | 14.0
Air Magic      | 1 3 4 6 7 8 9 |  9.0
Summonings     | 3 5 6 8 |  8.0
Translocations | 3 4 |  4.0
Invocations    | 7 8 11 | 11.0
Necromancy     | 3 4 5 |  5.0
Evocations     | 2 5 |  5.0
Armour         | 7 10 11 12 | 12.0
Earth Magic    | 7 10 | 10.0

Action                   |  1- 3 |  4- 6 |  7- 9 | 10-12 | 13-15 | 16-18 | 19-21 | 22-24 | 25-27 || total
-------------------------+-------+-------+-------+-------+-------+-------+-------+-------+-------++-------
Melee: Unarmed           |     1 |       |       |       |       |       |       |       |       ||     1
       Mace              |       |     5 |    52 |       |       |       |       |       |       ||    57
       Rapier            |       |       |       |     2 |       |       |       |       |       ||     2
       Staff             |       |       |       |     3 |    16 |     2 |    29 |    26 |    16 ||    92
       Falchion          |       |       |       |       |     2 |       |       |       |       ||     2
       War axe           |       |       |       |       |       |     5 |     7 |       |       ||    12
 Cast: Freeze            |    24 |    35 |    42 |    10 |     2 |     2 |     2 |       |       ||   117
       Throw Frost       |    24 |    85 |    70 |     5 |     8 |    44 |     3 |       |       ||   239
       Ozocubu's Armour  |       |     1 |     6 |       |     8 |    72 |    16 |       |    10 ||   113
       Throw Icicle      |       |     1 |   138 |   212 |   750 |   362 |   218 |   430 |    17 ||  2128
       Summon Lightning  |       |       |     5 |    28 |    90 |   200 |    95 |   110 |    36 ||   564
       Blink             |       |       |       |     1 |     8 |     4 |    12 |     8 |    10 ||    43
       Mephitic Cloud    |       |       |       |       |     1 |     2 |       |       |       ||     3
       Bolt of Cold      |       |       |       |       |    30 |   230 |   381 |   489 |   284 ||  1414
       Freezing Cloud    |       |       |       |       |     6 |    45 |    27 |    28 |     3 ||   109
       Regeneration      |       |       |       |       |     2 |    35 |    15 |    26 |    19 ||    97
       Shroud of Golubri |       |       |       |       |       |    13 |    10 |     5 |     7 ||    35
       Iron Shot         |       |       |       |       |       |       |       |    28 |   120 ||   148
       Summon Butterflie |       |       |       |       |       |       |       |     7 |       ||     7
       Glaciate          |       |       |       |       |       |       |       |       |    83 ||    83
       Deflect Missiles  |       |       |       |       |       |       |       |       |     4 ||     4
       Lehudib's Crystal |       |       |       |       |       |       |       |       |    70 ||    70
Invok: Shadow Form       |       |       |       |       |       |       |     1 |       |       ||     1
 Abil: End Transformatio |       |       |       |       |       |       |     1 |       |       ||     1
Evoke: Wand              |       |       |       |       |       |     8 |     2 |     6 |     5 ||    21
  Use: Scroll            |     1 |       |     7 |    10 |    22 |     8 |    19 |     8 |    16 ||    91
       Potion            |       |       |     1 |     1 |       |    12 |     3 |    10 |    18 ||    45
 Stab: Sleeping          |       |     1 |       |       |       |       |       |       |       ||     1
       Distracted        |       |       |       |       |       |     1 |     3 |     2 |       ||     6
  Eat: Chunk             |     3 |     7 |    20 |    17 |    38 |    33 |    24 |    18 |    13 ||   173
       Ration            |       |       |     2 |       |     3 |    20 |     6 |    11 |     9 ||    51
Armor: Robe              |     6 |     8 |    28 |     4 |    20 |    32 |     5 |       |       ||   103
       Troll leather arm |       |       |       |       |    20 |     8 |       |       |       ||    28
       Fire dragon scale |       |       |       |       |       |       |    36 |   116 |     1 ||   153
       Skin              |       |       |       |       |       |       |       |     9 |       ||     9
       Leather armour    |       |       |       |       |       |       |       |       |    48 ||    48
Dodge: Dodged            |    12 |    27 |   130 |    56 |   205 |   115 |    96 |   180 |   210 ||  1031
       Deflected         |       |       |       |       |       |     3 |     5 |       |    38 ||    46
Block: Buckler           |       |       |    36 |    11 |    54 |    11 |       |       |    87 ||   199
       Reflection        |       |       |       |       |     8 |    73 |     2 |       |       ||    83
       Shield            |       |       |       |       |       |   171 |    13 |       |       ||   184
       Large shield      |       |       |       |       |       |       |   153 |   275 |       ||   428

Table legend:
 A = Spawn XP
 B = Non-spawn XP
 C = Spawn XP percentage of total XP
 D = Spawn monster count
 E = Non-spawn monster count
 F = Spawn count percentage of total count
 G = Total turns spent on level
                    A         B        C        D         E        F      G
               +---------+---------+-------+---------+---------+-------+---------
         Total |       0 | 1773030 |   0.0 |       0 |    2666 |   0.0 | 94847
               +---------+---------+-------+---------+---------+-------+---------
           D:1 |       0 |      29 |   0.0 |       0 |      16 |   0.0 |  1333
           D:2 |       0 |     149 |   0.0 |       0 |      26 |   0.0 |  1354
           D:3 |       0 |     320 |   0.0 |       0 |      40 |   0.0 |   792
           D:4 |       0 |     275 |   0.0 |       0 |      24 |   0.0 |  1373
           D:5 |       0 |     385 |   0.0 |       0 |      21 |   0.0 |  1064
           D:6 |       0 |     840 |   0.0 |       0 |      19 |   0.0 |  1426
           D:7 |       0 |    2028 |   0.0 |       0 |      20 |   0.0 |  1379
           D:8 |       0 |    4733 |   0.0 |       0 |      40 |   0.0 |  2435
           D:9 |       0 |    2969 |   0.0 |       0 |      35 |   0.0 |  1448
          D:10 |       0 |    3114 |   0.0 |       0 |      23 |   0.0 |   753
          D:11 |       0 |    3788 |   0.0 |       0 |      18 |   0.0 |   946
          D:12 |       0 |    6988 |   0.0 |       0 |      49 |   0.0 |  1584
          D:13 |       0 |    9610 |   0.0 |       0 |      35 |   0.0 |  1086
          D:14 |       0 |   24658 |   0.0 |       0 |      74 |   0.0 |  3175
          D:15 |       0 |   31843 |   0.0 |       0 |      49 |   0.0 |  2723
        Lair:1 |       0 |    4054 |   0.0 |       0 |      25 |   0.0 |  1496
        Lair:2 |       0 |    5262 |   0.0 |       0 |      20 |   0.0 |  1212
        Lair:3 |       0 |    6369 |   0.0 |       0 |      34 |   0.0 |  1288
        Lair:4 |       0 |    6709 |   0.0 |       0 |      41 |   0.0 |  1565
        Lair:5 |       0 |   10805 |   0.0 |       0 |      34 |   0.0 |  1246
        Lair:6 |       0 |   23350 |   0.0 |       0 |      76 |   0.0 |  1985
      Shoals:1 |       0 |   12649 |   0.0 |       0 |      24 |   0.0 |  1005
      Shoals:2 |       0 |   13485 |   0.0 |       0 |      33 |   0.0 |  1516
      Shoals:3 |       0 |   10778 |   0.0 |       0 |      27 |   0.0 |  2180
      Shoals:4 |       0 |   30007 |   0.0 |       0 |      58 |   0.0 |  1443
       Snake:1 |       0 |    8060 |   0.0 |       0 |      18 |   0.0 |  1351
       Snake:2 |       0 |    8440 |   0.0 |       0 |      20 |   0.0 |  1472
       Snake:3 |       0 |   23534 |   0.0 |       0 |      40 |   0.0 |  3015
       Snake:4 |       0 |   53948 |   0.0 |       0 |     115 |   0.0 |  4131
       Slime:1 |       0 |    5326 |   0.0 |       0 |       9 |   0.0 |    27
       Slime:2 |       0 |    3365 |   0.0 |       0 |      11 |   0.0 |   100
       Slime:3 |       0 |    1810 |   0.0 |       0 |       5 |   0.0 |    89
       Slime:4 |       0 |    8382 |   0.0 |       0 |      13 |   0.0 |   497
       Slime:5 |       0 |   49853 |   0.0 |       0 |      57 |   0.0 |   950
         Orc:1 |       0 |    7532 |   0.0 |       0 |      69 |   0.0 |  1618
         Orc:2 |       0 |   14206 |   0.0 |       0 |      52 |   0.0 |  1095
         Elf:1 |       0 |   24403 |   0.0 |       0 |      47 |   0.0 |  2601
         Elf:2 |       0 |   31976 |   0.0 |       0 |      55 |   0.0 |  2150
         Elf:3 |       0 |   66356 |   0.0 |       0 |      82 |   0.0 |  3871
      Vaults:1 |       0 |   47978 |   0.0 |       0 |      80 |   0.0 |  2478
      Vaults:2 |       0 |   47789 |   0.0 |       0 |      74 |   0.0 |  2010
      Vaults:3 |       0 |   79906 |   0.0 |       0 |     134 |   0.0 |  2354
      Vaults:4 |       0 |   65478 |   0.0 |       0 |      84 |   0.0 |  2513
      Vaults:5 |       0 |  161459 |   0.0 |       0 |     147 |   0.0 |  2018
       Crypt:1 |       0 |   24651 |   0.0 |       0 |      37 |   0.0 |  1187
       Crypt:2 |       0 |   21570 |   0.0 |       0 |      32 |   0.0 |  1171
       Crypt:3 |       0 |   59518 |   0.0 |       0 |      82 |   0.0 |  2268
      Depths:1 |       0 |   27667 |   0.0 |       0 |      46 |   0.0 |  1389
      Depths:2 |       0 |   20522 |   0.0 |       0 |      42 |   0.0 |  1793
      Depths:3 |       0 |  109315 |   0.0 |       0 |     109 |   0.0 |  3138
      Depths:4 |       0 |   43607 |   0.0 |       0 |      35 |   0.0 |  2117
      Depths:5 |       0 |   62284 |   0.0 |       0 |      58 |   0.0 |  1597
          Hell |       0 |   18357 |   0.0 |       0 |      19 |   0.0 |    15
         Zot:1 |       0 |   86691 |   0.0 |       0 |      46 |   0.0 |  1631
         Zot:2 |       0 |   56622 |   0.0 |       0 |      36 |   0.0 |  1008
         Zot:3 |       0 |   19253 |   0.0 |       0 |      13 |   0.0 |   716
         Zot:4 |       0 |   55630 |   0.0 |       0 |      33 |   0.0 |  1034
         Zot:5 |       0 |  217712 |   0.0 |       0 |      70 |   0.0 |  2275
           Lab |       0 |    1341 |   0.0 |       0 |       3 |   0.0 |   394
        WizLab |       0 |   23292 |   0.0 |       0 |      32 |   0.0 |   940
               +---------+---------+-------+---------+---------+-------+---------
